Unix NetHack Version 3.7.0-59 Work-in-progress - last build Jun 21 2022 21:34:18 (82e59222e4b6558e33156aede0636042c14940b8,branch:master). Game began 2022-06-22 16:23:53, ended 2022-06-22 19:50:55. pescepalla, neutral female gnomish Healer -- ---- --.-- ---------------------------..--- |...--- -----------|.................%...-|.......-- --....-- |..||).....|.@."--------.G...#....|..--[...| ---- ----..| |-.||@_....-....|..%|..|.....(..{....-|....-- |..--- --.| |..||..)...|....-@%!|..|.@----.....#..|.G..o-- ....| |.| ----.-----..-.....----|..|..| :|........|......|-- -...| -----|.-----.-|........G..........-|-".| |-|--.).----....|.--- |<..-- --.|.-|..--....--.---------.---|---.....-+-|(@.|...| |........---....-- --.....--%...Y.....|...|...|..|.........l...|(((|...+ |.|..............-- --.......--..-......|...-...|..|...{..------+|((!|...----.|-.|....%.......| --.............|.....|...|...-h--..(...|..(| |---|.(......------....--....-- |..........p.-.|.n...-----%........(..(-@((|oG|...|.........--- |....|--.@..| --...............---.....h...-|---|--..|..(|--|...|..-----....| ---.-- --..-- --..---u....G|..||..--.---.-|.o|[@m|..-----..|...|..|u..|....| --- |h-- |.h| --....-|>.||..|... ...|..|S.(|.....h..G--|--..-...|.|.-- |.---- -..| ------|..||..|...|...|..|%..|................|...|.|-- |....| ...| |..|--.|--------------|................|---|.| --...- --.-- ---- --- ------------..---- --- |....| --- |..| ---.-- ---- -- Pescepalla the Embalmer St:13 Dx:9 Co:17 In:10 Wi:16 Ch:16 Neutral Dlvl:7 $:138 HP:0(55) Pw:45(49) AC:-2 Exp:6 T:8057 Satiated Blind Latest messages: You miss wildly and stumble forwards. The yellow light explodes! You are blinded by a blast of light! You miss it. You feel more confident in your fighting skills. You hit it. You miss it. The leprechaun misses! You hit it. You hit it. What do you want to take off? [brDR or ?*] What do you want to wear? [r or ?*] That is a silly thing to wear. What do you want to wield? [- kowX or ?*] w - an uncursed staff (weapon in hands). You miss it. You miss it. You miss it. You miss it. You miss wildly and stumble forwards. The leprechaun misses! You miss it. You hear a nearby zap. The bolt of fire hits you! Your gloves smoulder! An orc shaman suddenly appears close by! You miss it. You hear a nearby zap. The bolt of fire hits you! Your gloves smoulder further! $ - 138 gold pieces. You try to feel what is lying here on the floor. You feel here a leprechaun corpse. You try to feel what is lying here on the floor. You feel here a leprechaun corpse. You hear someone cursing shoplifters. Where do you want to travel to? You hear a nearby zap. The bolt of fire hits you! Your cloak smoulders! You hear the howling of the CwnAnnwn... What do you want to drop? [$a-cfgj-loq-swxzA-DFIKLPRTV-X or ?*] The orc shaman casts a spell! You hear a nearby zap. You hear a nearby zap. The bolt of fire hits you! Your gloves smoulder completely! You die... Do you want your possessions identified? [ynq] (y) Do you want to see your attributes? [ynq] (y) Major events: Turn 1: pescepalla the neutral female gnomish Healer entered the dungeon 1130: entered the Gnomish Mines 2600: reached Mine Town 3798: attained the rank of Empiric (level 3) 6489: attained the rank of Embalmer (level 6) 6682: entered Sokoban 8057: killed by a bolt of fire Inventory: Coins $ - 138 gold pieces Weapons o - 30 +0 darts (at the ready) k - 2 +0 daggers X - a +0 elven dagger w - a +0 quarterstaff (weapon in hands) Armor b - an uncursed thoroughly burnt +1 pair of leather gloves (being worn) R - an uncursed +0 pair of iron shoes (being worn) D - an uncursed burnt +0 leather cloak (being worn) j - an uncursed +3 ring mail (being worn) Comestibles F - an uncursed banana L - an uncursed food ration q - 5 uncursed meatballs z - 2 uncursed sprigs of wolfsbane C - 2 uncursed tins of french fried bugbear meat Scrolls I - a blessed scroll of blank paper P - 3 uncursed scrolls of blank paper A - an uncursed scroll of create monster f - a blessed scroll of destroy armor W - an uncursed scroll of enchant weapon l - 2 uncursed scrolls of identify Potions T - an uncursed potion of water Rings a - an uncursed ring of poison resistance Wands s - a wand of make invisible (0:0) g - a wand of sleep (0:0) B - a wand of slow monster (0:2) Tools V - an uncursed tooled horn x - an uncursed leash c - an uncursed stethoscope K - an uncursed tin whistle Pescepalla the Healer's attributes: Background: You were an Embalmer, a level 6 female gnomish Healer. You were neutral, on a mission for Hermes who was opposed by Athena (lawful) and Poseidon (chaotic). You were in the Gnomish Mines, on level 7. You entered the dungeon 8057 turns ago. You had 521 experience points, 119 more were needed to attain level 7. Basics: You had 0 out of 55 hit points. You had 45 out of 49 energy points (spell power). Your armor class was -2. Your wallet contained 138 zorkmids. Autopickup was on for '$=?"/!%' plus thrown, with exceptions. Final Characteristics: Your strength was 13 (limit:18/50). Your dexterity was 9 (limit:18). Your constitution was 17 (limit:18). Your intelligence was 10 (limit:19). Your wisdom was 16 (limit:18). Your charisma was 16 (limit:18). Final Status: You were temporarily blind. You were satiated. You were unencumbered. You were wielding a quarterstaff. You were unskilled in quarterstaff. Final Attributes: You were piously aligned. You were poison resistant. You were telepathic. You had infravision. You were invisible. You had a small defense bonus (+3). You were warded. You are dead. Miscellaneous: You never encountered a bones level. Total elapsed playing time was 1 hour, 4 minutes and 25 seconds. Vanquished creatures: 2 watchmen 2 leprechauns a gold golem an ape 2 fire ants an imp a mountain nymph a rock piercer 2 fog clouds a yellow light a shrieker 2 elf zombies a straw golem a paper golem 2 giant ants 4 floating eyes 3 dwarves 3 homunculi a kobold shaman 9 rothes a rabid rat 2 centipedes a giant bat 3 orc zombies a dwarf zombie a werejackal 2 iguanas 3 killer bees 2 acid blobs a coyote 8 hobbits 3 large kobolds 11 giant rats 4 cave spiders a brown mold a red mold 4 gnomes 4 garter snakes 3 gnome zombies 12 geckos 4 jackals 2 foxes 6 goblins 9 sewer rats 8 grid bugs 9 lichens 3 kobold zombies 9 newts 159 creatures vanquished. No species were genocided or became extinct. Voluntary challenges: You read items or engraved 19 times. You engraved Elbereth 8 times. You never genocided any monsters. You never polymorphed an object. You never changed form. You used no wishes. You did not violate any of the special Sokoban rules. Achievements: You entered the Gnomish Mines. You entered Minetown. You entered a temple. You entered a shop. You attained the rank of Empiric. You attained the rank of Embalmer. You entered Sokoban. The Dungeons of Doom: levels 1 to 7 Level 1: A fountain. Level 2: Some fountains, a grave. Level 3: An armor shop. Stairs down to The Gnomish Mines. Level 4: Level 5: Level 6: A fountain. Stairs up to Sokoban, level 5. Level 7: A fountain. The Gnomish Mines: levels 4 to 7 Level 4: Level 5: Level 6: Level 7: <- You were here. Many shops, a temple, some fountains, some trees. Final resting place for you, killed by a bolt of fire. Sokoban: Level 5: Unsolved. Game over: ---------- / \ / REST \ / IN \ / PEACE \ / \ | pescepalla | | 138 Au | | killed by a bolt | | of fire | | | | | | 2022 | *| * * * | * _________)/\\_//(\/(/\)/\//\/|_)_______ Goodbye pescepalla the Healer... You died in The Gnomish Mines on dungeon level 7 with 2394 points, and 138 pieces of gold, after 8057 moves. You were level 6 with a maximum of 55 hit points when you died.